 Dungeon Crawl Stone Soup version 0.25.1-2-g60ff931df9 (webtiles) character file.

Game seed: 2683436966571699741

749 Delamore the Cudgeler (level 7, -8/44 HPs)
             Began as a Gargoyle Fighter on Oct 14, 2020.
             Killed by divine providence
             ... invoked by an orc priest
              (12 damage)
             ... on level 5 of the Dungeon.
             The game lasted 00:04:23 (4504 turns).

Delamore the Cudgeler (Gargoyle Fighter)            Turns: 4504, Time: 00:04:23

Health: -8/44      AC: 18    Str: 21    XL:     7   Next: 78%
Magic:  0/7        EV:  7    Int:  9    God:
Gold:   174        SH:  9    Dex:  9    Spells: 6/6 levels left

rFire    . . .     SeeInvis .   y - +0 flail (protect)
rCold    . . .     Gourm    .   c - +0 kite shield
rNeg     + . .     Faith    .   b - +0 scale mail
rPois    ∞         Spirit   +   (no helmet)
rElec    +         Reflect  .   (no cloak)
rCorr    .         Harm     .   (no gloves)
MR       .....                  (no boots)
Stlth    ..........             s - amulet of guardian spirit
HPRegen  0.14/turn              (no ring)
MPRegen  0.10/turn              (no ring)

@: protection aura
A: negative energy resistance 1, electricity resistance, unbreathing,
petrification resistance, rot immunity, AC +4
a: no special abilities


You were on level 5 of the Dungeon.
You were not hungry.

You visited 1 branch of the dungeon, and saw 5 of its levels.
You also visited: Sewer.

You collected 174 gold pieces.

Inventory:

Hand Weapons
 a - a +0 flail
 y - a +0 flail of protection (weapon)
Missiles
 d - 2 throwing nets (quivered)
Armour
 b - a +0 scale mail (worn)
 c - a +0 kite shield (worn)
Jewellery
 s - an amulet of guardian spirit (around neck)
Wands
 u - a wand of digging (5)
Scrolls
 h - a scroll of magic mapping
 i - 2 scrolls of teleportation {unknown}
 l - a scroll of noise
 n - 2 scrolls of enchant armour
 v - a scroll of fog {unknown}
Potions
 e - a potion of brilliance {unknown}
 g - a potion of berserk rage {unknown}
 j - 3 potions of stabbing {unknown}
 k - a potion of resistance {unknown}
 m - a potion of degeneration {unknown}
 o - 4 potions of heal wounds {unknown}
 p - a potion of ambrosia {unknown}
 q - 2 potions of flight {unknown}
 r - a potion of might
 t - a potion of invisibility {unknown}
 w - a potion of curing {unknown}
 x - a potion of lignification {unknown}
Comestibles
 f - 7 rations
 z - a chunk of flesh


   Skills:
 - Level 5.0 Fighting
 + Level 7.0 Maces & Flails
 - Level 3.2 Armour
 - Level 5.0 Shields


You had 6 spell levels left.
You didn't know any spells.
Your spell library was empty.

Dungeon Overview and Level Annotations

Branches:
Dungeon (5/15)              Sewer (visited)
 Temple: D:4-7

Altars:
Makhleb
Nemelex Xobeh
Qazlal
Uskayaw
Yredelemnul

Annotations:
D:5 Ijyb


Innate Abilities, Weirdness & Mutations

You are resistant to torment.
Your stone body is resilient. (AC +4)
You are immune to poison.
You resist negative energy. (rN+)
You are resistant to electric shocks. (rElec)
You can survive without breathing.
You are immune to petrification.
You are immune to rotting.


Message History

Your scale mail prevents you from hitting the jackal.
The jackal is almost dead.
The jackal closely misses you. You block the jackal's attack.
The hound skeleton bites you.
* * * LOW HITPOINT WARNING * * *
You block the orc's attack. You block the jackal's attack.
The hound skeleton barely misses you. You block the jackal's attack.
Okay, then.
The jackal bites you. You block the jackal's attack.
Found 12 gold pieces.
The orc barely misses you.
You sock the quokka zombie!
Your weapon exudes an aura of protection.
You destroy the quokka zombie!
The jackal bites you but does no damage.
The orc barely misses you. You block the jackal's attack.
The orc priest shouts!
The orc priest mumbles some strange prayers to Beogh against you.
Beogh smites you!
You die...

##......##
##........##
#..........#
#..[<......# ########
#..........# .......#
#......Z...#
.......###..........#
.........o...w.ohh.##
.....hh####.....@..#
.......# #$.........#
.......# #..........#
...h...###..........#
.rh...........)....?#
..########.........$#
h.# ..........## ###
.##......## ..[.


You could see a worm, an orc priest, an orc, 2 jackals and a hound skeleton.

Vanquished Creatures
  Sigmund (D:2)
  A big kobold (Sewer)
  A crimson imp (D:5)
  3 hounds
  An orc priest (D:3)
  3 orc wizards
  Terence (D:2)
  2 river rats (Sewer)
  8 adders
  4 gnolls (D:2)
  2 worms (D:2)
  2 dart slugs
  7 leopard geckos
  11 orcs
  10 bats
  6 giant cockroaches
  6 goblins
  8 hobgoblins
  7 jackals
  A quokka (D:3)
  4 frilled lizards
  12 kobolds
  A quokka zombie (D:5)
  10 rats
112 creatures vanquished.

Notes
Turn   | Place    | Note
-------+----------+-------------------------------------------
     0 | D:1      | Delamore the Gargoyle Fighter began the quest for the Orb.
     0 | D:1      | Reached XP level 1. HP: 14/14 MP: 1/1
   113 | D:1      | Reached XP level 2. HP: 17/19 MP: 2/2
   261 | D:1      | Found a basalt altar of Yredelemnul.
   430 | D:1      | Reached XP level 3. HP: 24/24 MP: 3/3
  1253 | D:2      | Reached XP level 4. HP: 29/29 MP: 4/4
  1268 | D:2      | Noticed Sigmund
  1292 | D:2      | HP: 1/29 [something (5)]
  1294 | D:2      | Killed Sigmund
  1294 | D:2      | Reached skill level 3 in Maces & Flails
  1294 | D:2      | Reached XP level 5. HP: 2/34 MP: 5/5
  1294 | D:2      | Reached XP level 6. HP: 2/40 MP: 6/6
  1575 | D:2      | Reached skill level 5 in Shields
  1591 | D:2      | Reached skill level 5 in Fighting
  1593 | D:2      | Reached skill level 4 in Maces & Flails
  1961 | D:2      | Noticed Terence
  1968 | D:2      | Killed Terence
  2243 | D:3      | Reached skill level 5 in Maces & Flails
  2275 | D:3      | Found a hide-covered altar of Uskayaw.
  2320 | D:3      | Found a glowing drain.
  2357 | Sewer    | Entered a sewer
  2619 | Sewer    | Reached XP level 7. HP: 42/44 MP: 7/7
  2668 | Sewer    | Found a white marble altar of Elyvilon.
  2944 | D:3      | Reached skill level 6 in Maces & Flails
  3324 | D:3      | Found a stormy altar of Qazlal.
  3459 | D:3      | Found a burning altar of Makhleb.
  3461 | D:3      | Found a sparkling altar of Nemelex Xobeh.
  4054 | D:4      | You fall into a shaft and drop 1 floor!
  4054 | D:5      | Entered Level 5 of the Dungeon
  4060 | D:5      | Noticed Ijyb
  4480 | D:5      | Reached skill level 7 in Maces & Flails
  4504 | D:5      | Killed from afar by an orc priest

Illustrated notes

Levels and vault maps discovered:
D:1:      dpeg_arrival_tiny_a, layout_loops_ring, minmay_hexomino_r4
D:2:      layout_rooms, uniq_terence, uniq_sigmund
D:3:      layout_basic, nicolae_overflow_hidden_temple,
          eat_drink_and_be_merry_uskayaw, first_ration, portal_sewer_entry_f
D:4:      layout_loops_cross, minmay_temple_entry_purple_smoke
D:5:      layout_rooms, uniq_menkaure, uniq_ijyb

Skill      XL: |  1  2  3  4  5  6  7 |
---------------+----------------------+-----
Shields        | 4 5 |  5.0
Fighting       | 4 5 |  5.0
Maces & Flails | 3 5 7 |  7.0
Armour         | |  3.2

Action                   |  1- 3 |  4- 6 |  7- 9 || total
-------------------------+-------+-------+-------++-------
Melee: Flail             |   139 |   198 |   205 ||   542
  Use: Potion            |       |     1 |       ||     1
       Scroll            |       |     3 |       ||     3
  Eat: Chunk             |     1 |     5 |     7 ||    13
Armor: Scale mail        |   131 |   136 |   217 ||   484
Dodge: Dodged            |    73 |    78 |   126 ||   277
Block: Kite shield       |   115 |   116 |   214 ||   445
